 Dungeon Crawl Stone Soup version 0.31-a0-728-g01b46875f1 (webtiles) character file.

Game seed: 10861554444546297826

515 Shayle the Trooper (level 7, -2/74 HPs)
             Began as an Ogre Shapeshifter on Sept 11, 2023.
             Was an Initiate of Kikubaaqudgha.
             Slain by a gnoll
             ... wielding a +0 halberd
             ... led by a gnoll bouda
              (7 damage)
             ... on level 5 of the Dungeon.
             The game lasted 00:12:48 (3835 turns).

Shayle the Trooper (Ogre Shapeshifter)              Turns: 3835, Time: 00:12:50

Health: -2/74      AC:  3    Str: 21    XL:     7   Next: 20%
Magic:  13/13      EV:  9    Int: 13    God:    Kikubaaqudgha [......]
Gold:   255        SH:  5    Dex:  8    Spells: 14/14 levels left

rFire   . . .        q - +2 rapier of Histrionic Defiance {spect, rPois Str+2}
rCold   . . .        (no shield)
rNeg    . . .        a - +0 animal skin
rPois   +            (helmet currently unavailable)
rElec   .            (cloak currently unavailable)
rCorr   .            (gloves unavailable)
SInv    .            (boots unavailable)
Will    .....        b - amulet of reflection
Stlth   +            (no ring)
HPRegen 0.32/turn    (no ring)
MPRegen 0.13/turn

%: reflection
@: brilliant, beast-form, attractive, hasted, very quick
A: beast (slay +1), large, unfitting armour, tough skin 1
a: Begin Untransformation, Renounce Religion


You were on level 5 of the Dungeon.
You worshipped Kikubaaqudgha.
Kikubaaqudgha was noncommittal.
You were a hulking beast.
You visited 1 branch of the dungeon, and saw 5 of its levels.

You collected 255 gold pieces.

Inventory:

Hand Weapons
 n - a +2 whip of draining
 q - the +2 rapier of Histrionic Defiance (weapon) {spect, rPois Str+2}
   (You found it on level 4 of the Dungeon)

   Str+2:     It affects your strength (+2).
   rPois:     It protects you from poison
Armour
 a - a +0 animal skin (worn)
 t - a +0 hat
Jewellery
 b - an amulet of reflection (around neck)
Talismans
 c - a beast talisman (active)
 d - a flux talisman
Wands
 r - a wand of charming (8)
Scrolls
 e - a scroll of poison {unknown}
 f - 7 scrolls of identify {unknown}
 g - a scroll of noise {unknown}
 h - a scroll of vulnerability {unknown}
 j - 2 scrolls of enchant weapon {unknown}
 o - 2 scrolls of teleportation {unknown}
 s - a scroll of blinking {unknown}
Potions
 i - a potion of haste
 k - 4 potions of brilliance
 l - a potion of magic {unknown}
 m - 2 potions of attraction
 p - a potion of curing {unknown}


   Skills:
 + Level 5.7 Fighting
 - Level 1.7 Dodging
 - Level 4.3 Unarmed Combat
 + Level 4.3 Spellcasting
 + Level 0.0 Necromancy
 + Level 3.4 Shapeshifting


You had 14 spell levels left.
You didn't know any spells.
Your spell library was empty.

Dungeon Overview and Level Annotations

Branches:
Dungeon (5/15)
 Temple: D:4-7

Altars:
Kikubaaqudgha
Yredelemnul

Shops:
D:1 *   D:4 *


Innate Abilities, Weirdness & Mutations

You are a hulking beast.
Your limbs bulge with bestial killing power. (Slay +1)
You are too large for most types of armour.
You have tough skin. (AC +1)


Message History

You hit the gnoll bouda but do no damage.
The gnoll bouda is moderately wounded.
Your +2 rapier of Histrionic Defiance {spect, rPois Str+2} hits the gnoll bouda.
The gnoll bouda hits you with a +0 whip!
A gnoll comes into view. It is wielding a +0 halberd.
The gnoll misses you.
You barely miss the gnoll bouda.
The gnoll bouda is heavily wounded.
Your +2 rapier of Histrionic Defiance {spect, rPois Str+2} hits the gnoll bouda!
The gnoll hits you but does no damage. The gnoll closely misses you.
The gnoll bouda hits you with a +0 whip!
The gnoll hits you with a +0 whip. The gnoll closely misses you. x2
You hit the gnoll bouda.
The gnoll bouda is almost dead.
Your +2 rapier of Histrionic Defiance {spect, rPois Str+2} hits the gnoll bouda.
The gnoll bouda hits you with a +0 whip.
You block the gnoll's attack. The gnoll hits you with a +0 flail!
The gnoll hits you from afar with a +0 halberd!
The gnoll bouda completely misses you.
It was a potion of brilliance.
You feel clever all of a sudden.
Your +2 rapier of Histrionic Defiance {spect, rPois Str+2} disappears.
You block the gnoll's attack. The gnoll closely misses you.
The gnoll barely misses you.
The gnoll bouda hits you with a +0 whip!
* * * LOW HITPOINT WARNING * * *
It was a potion of attraction.
You feel attractive to monsters. You block the gnoll's attack.
The gnoll hits you with a +0 flail!
* * * LOW HITPOINT WARNING * * *
The gnoll closely misses you.
The gnoll bouda mumbles some strange prayers to its god.
The gnoll bouda is healed somewhat.
It was a potion of haste.
You feel yourself speed up. The gnoll hits you with a +0 whip.
* * * LOW HITPOINT WARNING * * *
The gnoll misses you.
The gnoll hits you from afar with a +0 halberd!
You die...
Kikubaaqudgha rasps: "You have failed me!
Welcome... death!"

####§...§#...#
####.###.#.# .#
#.##..##.#.#
...#####.##..##.#.#
......>....###.#.#
#......### #.#.#
#......# #.#.#
#...†..# #.#.#
#...ghg# #.#
#####g######.#
g.#......#
######.######
#<...#.#
#..#.#.#####
####.#.....#
#.......# #########


You could see a gnoll bouda and 3 gnolls.

Vanquished Creatures
  A scorpion (D:4)
  A vampire bat (D:4)
  Natasha (thrice) (D:3 D:2)
  An iguana (D:4)
  Ijyb (D:4)
  A gnoll (D:3)
  6 adders
  An ufetubus (D:4)
  2 worms
  5 dart slugs
  3 fire bats (D:4)
  10 orcs
  2 spectral bats (D:4)
  7 ball pythons
  15 bats
  3 bat skeletons (D:4)
  A bat zombie (D:4)
  8 endoplasms
  5 giant cockroaches
  10 hobgoblins
  9 jackals
  6 kobolds
  5 quokkas
  A bat simulacrum (D:4)
  12 frilled lizards
  8 goblins
  8 rats
135 creatures vanquished.

Notes
Turn   | Place    | Note
-------+----------+-------------------------------------------
     0 | D:1      | Shayle the Ogre Shapeshifter began the quest for the Orb.
     0 | D:1      | Reached XP level 1. HP: 19/19 MP: 1/1
   111 | D:1      | Reached skill level 2 in Fighting
   111 | D:1      | Reached XP level 2. HP: 19/28 MP: 1/3
   122 | D:1      | Reached skill level 1 in Spellcasting
   396 | D:1      | Reached XP level 3. HP: 34/36 MP: 4/4
   658 | D:1      | Reached skill level 3 in Fighting
   735 | D:1      | Found Aghaex's General Store.
   936 | D:2      | Reached XP level 4. HP: 6/45 MP: 6/6
  1112 | D:2      | Upgraded the game from 0.31-a0-716-gc7603755dd to
                  | 0.31-a0-728-g01b46875f1
  1403 | D:2      | Found a basalt altar of Yredelemnul.
  1648 | D:2      | Reached XP level 5. HP: 52/54 MP: 8/8
  2004 | D:3      | Reached skill level 4 in Fighting
  2047 | D:3      | Noticed Natasha
  2052 | D:3      | Killed Natasha
  2129 | D:3      | Noticed Natasha
  2138 | D:3      | Killed Natasha
  2267 | D:3      | Noticed Natasha
  2279 | D:2      | Killed Natasha
  2280 | D:2      | Reached XP level 6. HP: 44/63 MP: 10/10
  2802 | D:4      | Identified the +2 rapier of Histrionic Defiance {spect,
                  | rPois Str+2}
  2851 | D:4      | Reached skill level 5 in Fighting
  2905 | D:4      | Noticed Ijyb
  2948 | D:4      | Killed Ijyb
  3118 | D:4      | Found Tiyx's Assorted Antiques.
  3499 | D:4      | Reached XP level 7. HP: 67/72 MP: 13/13
  3732 | D:5      | Entered Level 5 of the Dungeon
  3761 | D:5      | Found an ancient bone altar of Kikubaaqudgha.
  3766 | D:5      | Became a worshipper of Kikubaaqudgha
  3835 | D:5      | Slain by a gnoll

Illustrated notes

Levels and vault maps discovered:
D:1:      dpeg_arrival_boxorama, layout_basic, serial_shops,
          nicolae_shop_statue_plus, minmay_hexomino_p4
D:2:      layout_rooms, basic_altar
D:3:      minmay_razor_zed, layout_rooms, uniq_natasha
D:4:      layout_loops_ring, serial_shops, shop, goddamned_bats, uniq_ijyb
D:5:      layout_basic, nicolae_wu_jian_glorious_leap,
          nicolae_kikubaaqudgha_miasma_corner, uniq_grinder

Skill      XL: |  1  2  3  4  5  6 |
---------------+-------------------+-----
Fighting       | 2 3 4 5 |  5.7
Spellcasting   | 1 2 3 4 |  4.3
Unarmed Combat | 3 4 |  4.3
Dodging        | |  1.7
Shapeshifting  | |  3.4

Action                     |  1- 3 |  4- 6 |  7- 9 || total
---------------------------+-------+-------+-------++-------
  Melee: Unarmed           |   134 |    93 |       ||   227
         Punch             |     3 |     7 |     1 ||    11
         Whip              |       |    72 |       ||    72
         Rapier            |       |    64 |    32 ||    96
    Use: Potion            |       |     1 |     3 ||     4
   Stab: Distracted        |       |     1 |       ||     1
 Armour: Animal skin       |    93 |   181 |    49 ||   323
         Skin              |       |     2 |       ||     2
  Dodge: Dodged            |    62 |   110 |    26 ||   198
  Block: Other             |       |    51 |    16 ||    67
         Reflection        |       |     3 |     1 ||     4

Table legend: (Time is in decaauts)
 A = Elapsed time spent in this place.
 B = Non-inter-level travel time spent in this place.
 C = Inter-level travel time spent in this place.
 D = Time resting spent in this place.
 E = Time spent auto-exploring this place.
 F = Levels seen in this place.
 G = Mean time per level.
                   A        B        C        D        E       F      G
               +--------+--------+--------+--------+--------+-----+--------+
         Total |   3848 |   3730 |    118 |    561 |   2049 |   5 |  769.6 |
       Dungeon |   3848 |   3730 |    118 |    561 |   2049 |   5 |  769.6 |
               +--------+--------+--------+--------+--------+-----+--------+

Top non-repeatable levels by time:
     D:4: 982 daAuts
     D:2: 966 daAuts
     D:3: 915 daAuts
     D:1: 879 daAuts
     D:5: 104 daAuts
